 Dungeon Crawl Stone Soup version 0.26-a0-651-gb41185065b (webtiles) character file.

Game seed: 13798866275760408440

988 kae the Grappler (level 7, -1/78 HPs)
             Began as a White Draconian Transmuter on Oct 26, 2020.
             Was an Initiate of Wu Jian.
             Collided with a rock wall (18 damage)
             ... caused by a rakshasa
             ... on level 1 of the Abyss on Oct 27, 2020.
             The game lasted 00:05:51 (7798 turns).

kae the Grappler (White Draconian Transmuter)       Turns: 7798, Time: 00:05:52

Health: -1/78      AC:  7    Str: 14    XL:     7   Next: 97%
Magic:  2/10       EV: 12    Int: 13    God:    Wu Jian [......]
Gold:   248        SH:  0    Dex: 12    Spells: 4/10 levels left

rFire    . . .     SeeInvis .   j - +2 whip
rCold    + . .     Faith    .   (no shield)
rNeg     . . .     Spirit   .   (armour unavailable)
rPois    +         Reflect  .   (helmet restricted)
rElec    .         Harm     .   (no cloak)
rCorr    .         Rampage  .   (no gloves)
MR       .....                  n - +0 pair of boots
Stlth    ..........             (no amulet)
HPRegen  0.23/turn              v - ring of poison resistance
MPRegen  0.12/turn              s - ring of flight

@: berserking, marked, slightly contaminated, very quick
A: breathe frost, unfitting armour, cold resistance 1, cold-blooded, AC +6
a: Breathe Frost, Renounce Religion, Evoke Flight


You were on level 1 of the Abyss.
You worshipped Wu Jian.
Wu Jian was noncommittal.
You visited 2 branches of the dungeon, and saw 6 of its levels.
You visited the Abyss 1 time.

You collected 248 gold pieces.

Inventory:

Hand Weapons
 j - a +2 whip (weapon)
Armour
 n - a +0 pair of boots (worn)
Jewellery
 s - a ring of flight (right hand)
 v - a ring of poison resistance (left hand)
Wands
 a - a wand of polymorph (5)
Scrolls
 l - 3 scrolls of teleportation
 o - a scroll of blinking
 q - 2 scrolls of remove curse
 u - a scroll of magic mapping {unknown}
 w - a scroll of identify
 x - 3 scrolls of amnesia
Potions
 b - 3 potions of heal wounds
 c - a potion of resistance
 d - a potion of berserk rage
 e - a potion of might {unknown}
 f - a potion of invisibility {unknown}
 g - a potion of curing {unknown}
 h - a potion of stabbing {unknown}
 i - 3 potions of mutation {unknown}
 k - a potion of cancellation {unknown}
 m - a potion of degeneration {unknown}
 p - a potion of flight {unknown}
 r - a potion of haste {unknown}
 t - a potion of lignification {unknown}


   Skills:
 - Level 1.1 Fighting
 - Level 1.7 Dodging
 * Level 8.1 Unarmed Combat
 - Level 2.0 Spellcasting
 + Level 5.6 Transmutations


You had 4 spell levels left.
You knew the following spells:

 Your Spells              Type           Power        Failure   Level
a - Beastly Appendage     Tmut           ###...       2%          1
b - Wereblood             Tmut           ###.....     3%          2
c - Spider Form           Tmut/Pois      #.........   24%         3

Your spell library contained the following spells:

 Spells                   Type           Power        Failure   Level
 Ice Form                 Ice/Tmut       #.......     63%         4
 Blade Hands              Tmut           ###.......   56%         5


Dungeon Overview and Level Annotations

Branches:
Dungeon (5/15)             Temple (1/1) D:4

Altars:
Ashenzari
Cheibriados
Dithmenos
Elyvilon
Fedhas
Gozag
Makhleb
Okawaru
Ru
Sif Muna
Trog
Uskayaw
Vehumet
Wu Jian
Xom
Zin
The Shining One

Shops:
D:5 :


Innate Abilities, Weirdness & Mutations

You can breathe waves of freezing cold.
You can buffet flying creatures when you breathe cold.
Your icy white scales are hard. (AC +6)
You cannot fit into any form of body armour.
Your flesh is cold resistant. (rC+)
You are cold-blooded and may be slowed by cold attacks.


Message History

You feel yourself moving faster!
You feel mighty!
You lunge at the rakshasa.
You barely miss the rakshasa.
The rakshasa hits you with a +0 trident!!
You whack the rakshasa! You tail-slap the rakshasa!
The rakshasa is moderately wounded.
The rakshasa closely misses you.
You closely miss the rakshasa.
Your tail-slap misses the rakshasa.
The rakshasa is moderately wounded.
The rakshasa hits you with a +0 trident!!
You barely miss the rakshasa.
The rakshasa is moderately wounded.
You closely miss the rakshasa.
You tail-slap the rakshasa, but do no damage.
The rakshasa is moderately wounded.
The rakshasa gestures at you. The lance of force hits you!
* * * LOW HITPOINT WARNING * * *
You are knocked back by the lance of force.
You slam into the rock wall!
You die...

..###.###
.#..... .
#...... ..
#...... ...
#.....# ....
#....##.....
#...R.......
#...# ##.@#
#.## # ..⌠≈#
.≈# #...≈..
...# ...[.#
≈⌠.# ..##...
...#. ≈. ...
..#..# #
..≈.. .≈. ..
...... ..
#..


You could see a rakshasa.

Vanquished Creatures
  Menkaure (D:4)
  An orc warrior (D:5)
  A sky beast (D:5)
  An ogre (D:4)
  A centaur (D:5)
  3 hounds
  A centaur skeleton (D:4)
  A jelly (D:5)
  Jessica (D:3)
  2 worker ants (D:4)
  Natasha (thrice) (D:2)
  4 gnolls (D:5)
  8 adders
  An ooze (D:3)
  2 adder skeletons (D:4)
  3 worms
  A dart slug (D:1)
  4 leopard geckos
  14 orcs
  4 giant cockroaches
  7 goblins
  3 hobgoblins
  4 jackals (D:3)
  3 quokkas
  4 ball pythons
  8 bats
  6 frilled lizards
  7 kobolds
  5 rats
104 creatures vanquished.

Vanquished Creatures (others)
  4 plants (D:1)
4 creatures vanquished.

Grand Total: 108 creatures vanquished

Notes
Turn   | Place    | Note
-------+----------+-------------------------------------------
     0 | D:1      | kae the Draconian Transmuter began the quest for the Orb.
     0 | D:1      | Reached XP level 1. HP: 16/16 MP: 3/3
   301 | D:1      | Reached XP level 2. HP: 23/23 MP: 3/5
   325 | D:1      | Learned a level 2 spell: Wereblood
  1008 | D:2      | Reached XP level 3. HP: 23/28 MP: 6/6
  1288 | D:2      | Reached skill level 4 in Unarmed Combat
  1906 | D:2      | Noticed Natasha
  1911 | D:2      | Reached XP level 4. HP: 35/35 MP: 5/7
  2078 | D:2      | Found a bloodstained altar of Trog.
  2165 | D:2      | Learned a level 3 spell: Spider Form
  2414 | D:2      | Killed Natasha
  2645 | D:2      | Found a bloodstained altar of Trog.
  2742 | D:2      | Noticed Natasha
  2750 | D:2      | Killed Natasha
  3010 | D:2      | Noticed Natasha
  3020 | D:2      | Killed Natasha
  3020 | D:2      | Reached skill level 5 in Unarmed Combat
  3020 | D:2      | Reached XP level 5. HP: 26/40 MP: 5/8
  3935 | D:3      | Found a radiant altar of Vehumet.
  3991 | D:3      | Found a blossoming altar of Fedhas.
  3991 | D:3      | Found a shimmering blue altar of Sif Muna.
  3991 | D:3      | Noticed Jessica
  4019 | D:3      | Killed Jessica
  4548 | D:3      | Found a shadowy altar of Dithmenos.
  4911 | D:4      | Noticed an ogre
  4922 | D:4      | Killed an ogre
  4922 | D:4      | Reached skill level 6 in Unarmed Combat
  4922 | D:4      | Reached XP level 6. HP: 47/47 MP: 6/9
  4961 | D:4      | Found a staircase to the Ecumenical Temple.
  4988 | Temple   | Entered the Ecumenical Temple
  5368 | D:4      | Noticed Menkaure
  5382 | D:4      | Killed Menkaure
  5382 | D:4      | Your scales start taking on an icy white colour.
  5382 | D:4      | Reached XP level 7. HP: 34/52 MP: 7/10
  5382 | D:4      | Gained mutation: Your flesh is cold resistant. (rC+) [White
                  | Draconian growth]
  5541 | D:4      | Found a shadowy altar of Dithmenos.
  5791 | D:4      | Reached skill level 7 in Unarmed Combat
  5938 | D:4      | Found an ornate altar of the Wu Jian Council.
  5957 | D:4      | Became a worshipper of the Wu Jian Council
  6362 | D:5      | Entered Level 5 of the Dungeon
  6655 | D:5      | Reached skill level 5 in Transmutations
  6907 | D:5      | Found a broken altar of Ashenzari.
  6988 | D:5      | Found Soonlurr's Book Emporium.
  7257 | D:5      | Reached skill level 8 in Unarmed Combat
  7789 | D:5      | Cast into level 1 of the Abyss (orc)
  7791 | Abyss:1  | Noticed a rakshasa
  7798 | Abyss:1  | Collided with a rock wall

Illustrated notes

Levels and vault maps discovered:
D:1:      dpeg_arrival_tiny_j, layout_basic, kennysheep_boxes
D:2:      layout_basic, marbit_many_paths, minmay_unequal, uniq_natasha
D:3:      layout_loops_ring, vehumet_crystals, lemuel_coloured_pillars_altar,
          chequers_temple_overflow_statue_of_worship,
          kennysheep_generic_room_15, uniq_jessica
D:4:      layout_basic, lemuel_doored_altar, minmay_temple_entry_tees,
          grunt_dithmenos_smoke_and_mirrors, uniq_menkaure
D:5:      layout_cave_pools, basic_altar, serial_shops, shop, tgw_xom
Temple:   jpeg_temple_clearing
Abyss:1:  base: D:4, patterned_corridor

Skill      XL: |  1  2  3  4  5  6  7 |
---------------+----------------------+-----
Unarmed Combat | 4 5 6 8 |  8.1
Transmutations | 3 4 5 |  5.6
Fighting       | |  1.1
Dodging        | |  1.7
Spellcasting   | |  2.0

Action                   |  1- 3 |  4- 6 |  7- 9 || total
-------------------------+-------+-------+-------++-------
Melee: Unarmed           |    36 |    35 |    34 ||   105
       Kick              |    15 |    11 |     5 ||    31
       Headbutt          |     9 |     9 |     5 ||    23
       Tailslap          |    10 |    14 |     9 ||    33
       Whip              |    99 |   117 |    96 ||   312
       Punch             |     2 |     1 |     2 ||     5
 Cast: Beastly Appendage |    24 |    15 |     4 ||    43
       Spider Form       |       |     8 |     7 ||    15
       Wereblood         |       |     2 |       ||     2
Invok: Lunge             |       |       |     8 ||     8
 Abil: Breathe Frost     |       |       |     3 ||     3
  Use: Scroll            |     4 |     7 |     4 ||    15
       Potion            |       |       |     1 ||     1
 Stab: Sleeping          |     1 |     1 |       ||     2
Armor: Skin              |    59 |    45 |    44 ||   148
Dodge: Dodged            |   132 |    88 |    80 ||   300

Table legend: (Time is in decaauts)
 A = Elapsed time spent in this place.
 B = Non-inter-level travel time spent in this place.
 C = Inter-level travel time spent in this place.
 D = Time resting spent in this place.
 E = Time spent auto-exploring this place.
 F = Levels seen in this place.
 G = Mean time per level.
                   A        B        C        D        E       F      G
               +--------+--------+--------+--------+--------+-----+--------+
         Total |   7836 |   7599 |    237 |   1162 |   5430 |   7 | 1119.4 |
       Dungeon |   7622 |   7395 |    227 |   1162 |   5238 |   5 | 1524.4 |
        Temple |    205 |    195 |     10 |      0 |    192 |   1 |  205.0 |
         Abyss |      7 |      7 |      0 |      0 |      0 |   1 |    7.0 |
               +--------+--------+--------+--------+--------+-----+--------+

Top non-repeatable levels by time:
     D:2: 2360 daAuts
     D:4: 1520 daAuts
     D:3: 1327 daAuts
     D:5: 1208 daAuts
     D:1: 1206 daAuts
  Temple: 205 daAuts
 Abyss:1: 7 daAuts
